 Dungeon Crawl Stone Soup version 0.24-a0-278-gefa1973 (webtiles) character file.

Game seed: 11692844348231293238

2 Lanoc the Skirmisher (level 1, -1/16 HPs)
             Began as a Vine Stalker Berserker on Apr 29, 2019.
             Was a Follower of Trog.
             Slain by a dart slug (2 damage)
             ... on level 1 of the Dungeon.
             The game lasted 00:00:17 (92 turns).

Lanoc the Skirmisher (Vine Stalker Berserker)         Turns: 92, Time: 00:00:18

Health: -1/16      AC:  2    Str: 24    XL:     1   Next: 40%
Magic:  0/2        EV: 12    Int:  7    God:    Trog [*.....]
Gold:   26         SH:  0    Dex: 13    Spells: 0/0 levels left

rFire    . . .     SeeInvis .   a - +0 falchion
rCold    . . .     Gourm    .   (no shield)
rNeg     . . .     Faith    .   b - +0 animal skin
rPois    .         Spirit   +   (no helmet)
rElec    .         Reflect  .   (no cloak)
rCorr    .         Harm     .   (no gloves)
MR       .....                  (no boots)
Stlth    ..........             (no amulet)
HPRegen  0.05/turn              (no ring)
MPRegen  0.08/turn              (no ring)

@: berserking, very quick
A: fangs 2, magic shield, antimagic bite, no potion heal 3, rot immunity
a: Berserk, Renounce Religion


You were on level 1 of the Dungeon.
You worshipped Trog.
Trog was aware of your devotion.
You were not hungry.

You visited 1 branch of the dungeon, and saw 1 of its levels.

You collected 26 gold pieces.

Inventory:

Hand Weapons
 a - a +0 falchion (weapon)
Armour
 b - a +0 animal skin (worn)
Scrolls
 d - 2 scrolls of magic mapping {unknown}
Comestibles
 c - a ration


   Skills:
 + Level 2.7 Fighting
 * Level 2.7 Long Blades
 + Level 1.6 Armour
 + Level 1.6 Dodging


You couldn't memorise any spells.
You didn't know any spells.
Your spell library was empty.

Dungeon Overview and Level Annotations

Branches:
Dungeon (1/15)

Altars:


Innate Abilities, Weirdness & Mutations

You have extremely sharp teeth.
When hurt, damage is shared between your health and your magic reserves.
Your bite disrupts and absorbs the magic of your enemies.
Potions cannot restore your health.
You are immune to rotting.


Message History

You closely miss the frilled lizard. The frilled lizard bites you.
You barely miss the frilled lizard. Your bite misses the frilled lizard.
The leopard gecko barely misses you. The frilled lizard closely misses you.
You riposte.
You miss the frilled lizard. Your bite misses the frilled lizard.
The leopard gecko bites you.
You barely miss the frilled lizard. Your bite misses the frilled lizard.
The frilled lizard bites you. The leopard gecko bites you.
The dart slug launches a dart at you. The slug dart hits you.
* * * LOW HITPOINT WARNING * * *
You are too injured to fight recklessly!
You are too injured to fight recklessly!
A red film seems to cover your vision as you go berserk!
You feel yourself moving faster!
You feel mighty!
You feel a lot more hungry. The frilled lizard bites you.
* * * LOW HITPOINT WARNING * * *
The leopard gecko bites you.
* * * LOW HITPOINT WARNING * * *
The dart slug bites you.
You die...

#...##.......#.#..[#...
#...##.......#.###.#...
#...##.####..#.###.#.##
#...##...^...#.....#..
###.##$#.....###'#.#.#
#......#.# ####.#####
#........# ##..#.#..##
#......#...#.#.#.#.#.#
###.##@# ..#..#...#..#
#..llw..####.....####
........#..+.....<.....+
###.......#####.....####
#...... # #..#...#..#
#....... #.#.#.#.#.#
#......# ##..#.#..##
#......# ####.#### #+#


You could see a dart slug, a leopard gecko and a frilled lizard.

Vanquished Creatures
  A bat (D:1)
  2 rats (D:1)
3 creatures vanquished.

Notes
Turn   | Place    | Note
-------+----------+-------------------------------------------
     0 | D:1      | Lanoc the Vine Stalker Berserker began the quest for the
                  | Orb.
     0 | D:1      | Reached XP level 1. HP: 11/11 MP: 2/2
    92 | D:1      | Slain by a dart slug

Levels and vault maps discovered:
D:1:      nzn_arrival_crosshair, layout_basic, minmay_liquid_box

Action                   || total
-------------------------++-------
Melee: Falchion          ||    10
       Bite              ||     1
Invok: Berserk           ||     1
 Stab: Sleeping          ||     1
Armor: Animal skin       ||     5
Dodge: Dodged            ||    11
       Rpst.: Falchion   ||     2

Table legend:
 A = Non-vault XP
 B = Vault XP
 C = Vault XP percentage of total XP
 D = Non-vault monster count
 E = Vault monster count
 F = Vault count percentage of total count
                 A         B        C        D         E       F
            +---------+---------+-------+---------+---------+-------
      Total |       4 |       0 |   0.0 |       3 |       0 |   0.0
            +---------+---------+-------+---------+---------+-------
        D:1 |       4 |       0 |   0.0 |       3 |       0 |   0.0
            +---------+---------+-------+---------+---------+-------
